 Dungeon Crawl Stone Soup version 0.28.0-1-gb440e238dd (webtiles) character file.

Game seed: 18061988964465636071

8408 iguanaiguana the Cleaver (level 11, -10/103 HPs)
             Began as a Deep Dwarf Fighter on Feb 19, 2022.
             Mangled by a merfolk (13 damage)
             ... on level 3 of the Lair of Beasts.
             The game lasted 00:08:27 (6284 turns).

iguanaiguana the Cleaver (Deep Dwarf Fighter)       Turns: 6284, Time: 00:08:28

Health: -10/103    AC: 20    Str: 23    XL:     11   Next: 9%
Magic:  7/7        EV: 10    Int: 10    God:
Gold:   462        SH:  7    Dex: 18    Spells: 15/15 levels left

rFire   . . .      SeeInvis .   h - +0 hand axe (elec)
rCold   . . .      Faith    .   c - +0 buckler
rNeg    . . .      Spirit   .   k - +0 plate armour
rPois   .          Reflect  .   u - +0 helmet
rElec   .          Harm     .   J - +0 cloak
rCorr   .          Rampage  .   s - +2 pair of gloves
Will    +....                   (no boots)
Stlth   ..........              (no amulet)
HPRegen 0.00/turn               y - +4 ring of evasion
MPRegen 0.10/turn               B - +6 ring of dexterity

@: mighty, mesmerised
A: damage resistance, heal wounds, sense surroundings 2, no regeneration
a: Heal Wounds


You were on level 3 of the Lair of Beasts.
You visited 2 branches of the dungeon, and saw 12 of its levels.
You also visited: Ossuary.

You collected 462 gold pieces.

Inventory:

Hand Weapons
 a - a +0 war axe
 h - a +0 hand axe of electrocution (weapon)
Armour
 b - a +0 scale mail
 c - a +0 buckler (worn)
 k - a +0 plate armour (worn)
 s - a +2 pair of gloves (worn)
 u - a +0 helmet (worn)
 J - a +0 cloak (worn)
Jewellery
 w - a ring of positive energy
 y - a +4 ring of evasion (left hand)
 A - a ring of protection from cold
 B - a +6 ring of dexterity (right hand)
 C - a +6 ring of intelligence
Wands
 r - a wand of polymorph (9)
 v - a wand of paralysis (6)
 N - a wand of digging (4) {@v3}
Scrolls
 e - 11 scrolls of identify {unknown}
 l - a scroll of brand weapon {unknown}
 m - 5 scrolls of teleportation {@r3}
 n - 2 scrolls of torment {unknown}
 p - 2 scrolls of magic mapping {unknown}
 q - a scroll of holy word {unknown}
 E - a scroll of blinking {unknown}
 G - a scroll of fear {unknown}
 H - a scroll of amnesia {unknown}
 K - a scroll of silence {unknown}
 L - a scroll of enchant armour {unknown}
Potions
 d - 4 potions of might {@q3}
 f - 2 potions of curing {unknown}
 g - 3 potions of mutation {unknown}
 i - 2 potions of cancellation {unknown}
 j - 3 potions of attraction {unknown}
 o - 5 potions of heal wounds {unknown}
 t - 3 potions of flight {unknown}
 x - 3 potions of brilliance {unknown}
 z - 2 potions of haste {unknown}
 D - a potion of lignification {unknown}
 F - 2 potions of degeneration {unknown}
 I - a potion of experience {unknown}


   Skills:
 + Level 7.8 Fighting
 * Level 9.8 Axes
 + Level 9.3 Armour
 + Level 4.2 Stealth
 + Level 9.3 Shields
 + Level 2.7 Spellcasting
 + Level 4.3 Evocations


You had 15 spell levels left.
You didn't know any spells.
Your spell library was empty.

Dungeon Overview and Level Annotations

Branches:
Dungeon (9/15)             Temple (0/1) D:5            Lair (3/6) D:9
 Shoals (0/4) Lair:3      Ossuary (visited)
  Snake: Lair:2-4    Spider: Lair:2-4       Orc: D:9-12

Altars:
Dithmenos
Elyvilon
Hepliaklqana
Kikubaaqudgha
Nemelex Xobeh
Okawaru
Ru
The Shining One

Shops:
D:8 **

Annotations:
D:5 2 transporters


Innate Abilities, Weirdness & Mutations

You are resistant to damage.
You can heal yourself by infusing magical energy.
You passively map the area around you.
You do not regenerate.


Message History

You feel very mighty all of a sudden. You block the merfolk's attack.
The four-headed hydra bites you.
The four-headed hydra bites you but does no damage. x2
You block the four-headed hydra's attack.
You hack one of the four-headed hydra's heads off!
The three-headed hydra grows two more!
You slash the five-headed hydra!
Lightning courses through the five-headed hydra!
The five-headed hydra is heavily wounded.
The merfolk closely misses you.
The five-headed hydra bites you but does no damage.
You block the five-headed hydra's attack.
The five-headed hydra bites you but does no damage.
The five-headed hydra closely misses you.
You block the five-headed hydra's attack.
You slice one of the five-headed hydra's heads off!
The four-headed hydra grows two more!
You slash the six-headed hydra!
The six-headed hydra is heavily wounded.
The merfolk hits you from afar with a +0 trident!
The merfolk siren chants its luring song.
The six-headed hydra barely misses you. The six-headed hydra bites you!
The six-headed hydra barely misses you.
The six-headed hydra closely misses you.
The six-headed hydra bites you but does no damage. x2
You lop one of the six-headed hydra's heads off!
The five-headed hydra grows two more!
You hit the seven-headed hydra.
The seven-headed hydra is moderately wounded.
The merfolk siren chants its luring song.
The merfolk closely misses you.
The seven-headed hydra bites you but does no damage. x2
The seven-headed hydra barely misses you.
The seven-headed hydra bites you but does no damage.
The seven-headed hydra closely misses you.
The seven-headed hydra bites you!
The seven-headed hydra bites you but does no damage.
You chop one of the seven-headed hydra's heads off!
The six-headed hydra grows two more!
You slash the eight-headed hydra!
Lightning courses through the eight-headed hydra!
The eight-headed hydra is heavily wounded.
The merfolk completely misses you.
The merfolk siren chants its luring song.
You slice one of the eight-headed hydra's heads off!
The seven-headed hydra grows two more!
You hit the nine-headed hydra.
The nine-headed hydra is heavily wounded.
The nine-headed hydra bites you but does no damage.
The nine-headed hydra bites you.
The nine-headed hydra bites you but does no damage.
The nine-headed hydra bites you.
The nine-headed hydra bites you but does no damage. x2
You block the nine-headed hydra's attack.
The nine-headed hydra bites you.
You block the nine-headed hydra's attack.
The merfolk hits you from afar with a +0 trident!
The merfolk hits you from afar with a +0 trident.
You slice one of the nine-headed hydra's heads off!
The eight-headed hydra grows two more!
You slash the ten-headed hydra!
The ten-headed hydra is heavily wounded.
The ten-headed hydra bites you!
The ten-headed hydra completely misses you.
The ten-headed hydra bites you.
The ten-headed hydra completely misses you.
You block the ten-headed hydra's attack.
The ten-headed hydra bites you but does no damage. x4
You block the ten-headed hydra's attack.
The merfolk hits you but does no damage.
You slice one of the ten-headed hydra's heads off!
The nine-headed hydra grows two more!
You slash the 11-headed hydra!
The 11-headed hydra is moderately wounded.
The merfolk hits you from afar with a +0 trident!
The merfolk siren chants its luring song.
The 11-headed hydra bites you but does no damage. x3
The 11-headed hydra completely misses you.
The 11-headed hydra closely misses you. The 11-headed hydra barely misses you.
The 11-headed hydra bites you!
* * * LOW HITPOINT WARNING * * *
You block the 11-headed hydra's attack.
The 11-headed hydra bites you but does no damage. x2
The 11-headed hydra bites you!
* * * LOW HITPOINT WARNING * * *
The merfolk hits you from afar with a +0 trident.
* * * LOW HITPOINT WARNING * * *
You slice one of the 11-headed hydra's heads off!
The ten-headed hydra grows two more!
You slash the 12-headed hydra!
Lightning courses through the 12-headed hydra!
The 12-headed hydra is heavily wounded.
The merfolk closely misses you.
The merfolk siren chants its luring song.
The 12-headed hydra bites you but does no damage. x3
The 12-headed hydra bites you!
* * * LOW HITPOINT WARNING * * *
The 12-headed hydra bites you but does no damage.
The 12-headed hydra bites you.
* * * LOW HITPOINT WARNING * * *
The 12-headed hydra bites you!
* * * LOW HITPOINT WARNING * * *
The 12-headed hydra closely misses you.
The 12-headed hydra bites you but does no damage. x2
The 12-headed hydra barely misses you. The 12-headed hydra bites you.
* * * LOW HITPOINT WARNING * * *
The merfolk hits you from afar with a +0 trident!
You die...

, . ...., .# ..#, ,* *,
* ,, ......## .# ..# , ,
** .#...... .###..# , ,
, ..P.#...#. #..## * , ,
..PP...#.###.#.### * , ,
* PP.......##P.....#
*#... * *
.P.....<....P...P#* ....
,......P..........#
.....,,
**,........m.@D[.#.##
..... ,*
#...........m..## .....#
*
#PP.........m.PP##......
##.P...............#....
#...###.....###)........
* #...≈
###.###.≈......... , ##
###≈≈≈.#..###...,, ,
≈≈≈...#..$# ,.. *
>#m.###..... ,


You could see a 12-headed hydra, 2 merfolk and a merfolk siren (mesmerising).

Vanquished Creatures
  An elephant (Lair:1)
  Maurice (D:9)
  A black mamba (Lair:1)
  2 komodo dragons (Lair:1)
  2 trolls (D:9)
  Prince Ribbit (D:7)
  A hornet (D:8)
  A dream sheep (Lair:1)
  A shadow (D:9)
  A wraith (Ossuary)
  A wyvern (Lair:1)
  10 yaks (Lair:1)
  A steam dragon (D:8)
  4 water moccasins
  2 ice beasts
  2 orc warriors
  2 black bears (D:5)
  A hornet zombie (D:5)
  2 wolves (D:9)
  A centaur (D:9)
  3 ogres (D:5)
  A kobold brigand (D:7)
  Blork the orc (D:4)
  2 gnoll sergeants
  4 bullfrogs
  5 scorpions
  11 killer bees
  4 wights
  A bullfrog zombie (D:5)
  A crimson imp (D:3)
  8 hounds
  A centaur skeleton (D:6)
  3 orc priests (D:9)
  3 iguanas
  6 orc wizards
  10 adders
  9 gnolls
  2 shadow imps
  A white imp (D:7)
  A worm (D:2)
  2 dart slugs
  17 orcs
  6 endoplasms
  3 giant cockroaches
  6 goblins
  4 hobgoblins
  4 jackals (D:5)
  11 kobolds
  3 quokkas
  8 ball pythons
  A ball python skeleton (Ossuary)
  2 bats
  5 frilled lizards
  2 goblin skeletons (D:3)
  A goblin zombie (D:3)
  A hobgoblin skeleton (Ossuary)
  6 hobgoblin zombies
  3 kobold zombies (Ossuary)
  3 orc skeletons (D:3)
  2 orc zombies
  6 rats
211 creatures vanquished.

Vanquished Creatures (others)
  A fungus (Lair:3)
  8 plants
9 creatures vanquished.

Grand Total: 220 creatures vanquished

Notes
Turn   | Place    | Note
-------+----------+-------------------------------------------
     0 | D:1      | iguanaiguana the Deep Dwarf Fighter began the quest for the
                  | Orb.
     0 | D:1      | Reached XP level 1. HP: 20/20 MP: 1/1
   334 | D:1      | Reached XP level 2. HP: 22/27 MP: 2/2
   904 | D:2      | Reached XP level 3. HP: 21/34 MP: 3/3
   909 | D:2      | Found an ancient bone altar of Kikubaaqudgha.
  1407 | D:2      | Found a faded altar of an unknown god.
  1636 | D:2      | Reached XP level 4. HP: 38/42 MP: 4/4
  1737 | D:3      | Found a glowing golden altar of the Shining One.
  2278 | D:3      | Reached XP level 5. HP: 45/49 MP: 5/5
  2437 | D:4      | Reached XP level 6. HP: 38/57 MP: 6/6
  2480 | D:4      | Noticed Blork the orc
  2490 | D:4      | Killed Blork the orc
  2491 | D:4      | Reached skill level 5 in Armour
  2491 | D:4      | Reached skill level 5 in Shields
  2764 | D:5      | Entered Level 5 of the Dungeon
  2764 | D:5      | Noticed an ice beast
  2770 | D:5      | Killed an ice beast
  2771 | D:5      | Reached XP level 7. HP: 47/66 MP: 7/7
  2840 | D:5      | Noticed a shadow
  2841 | D:5      | Found a white marble altar of Elyvilon.
  2842 | D:5      | Noticed a wyvern
  2855 | D:5      | Found a transporter.
  2867 | D:5      | Found a transporter.
  2880 | D:5      | Reached skill level 5 in Axes
  2914 | D:5      | Reached skill level 5 in Fighting
  2914 | D:5      | Reached XP level 8. HP: 44/74 MP: 8/8
  3016 | D:5      | Found an iron altar of Okawaru.
  3240 | D:5      | Found a staircase to the Ecumenical Temple.
  3711 | D:7      | Noticed Prince Ribbit
  3734 | D:7      | Killed Prince Ribbit
  3735 | D:7      | Gained mutation: You passively map the area around you.
                  | [Deep Dwarf growth]
  3735 | D:7      | Reached XP level 9. HP: 78/82 MP: 6/6
  3813 | D:8      | Found Xeogud's General Store.
  4009 | D:8      | Found a shadowy altar of Dithmenos.
  4013 | D:8      | Found a hazy altar of Hepliaklqana.
  4086 | D:8      | Found Qamocezo's Assorted Antiques.
  4262 | D:8      | Found a sand-covered staircase.
  4343 | Ossuary  | Entered an ossuary
  4833 | D:9      | Found a sparkling altar of Nemelex Xobeh.
  4838 | D:9      | Found a sacrificial altar of Ru.
  5006 | D:9      | Noticed a troll
  5041 | D:9      | Killed a troll
  5042 | D:9      | Reached skill level 1 in Evocations
  5042 | D:9      | Reached XP level 10. HP: 56/94 MP: 6/6
  5051 | D:9      | Reached skill level 1 in Stealth
  5056 | D:9      | Noticed Maurice
  5089 | D:9      | Killed Maurice
  5090 | D:9      | Reached skill level 1 in Spellcasting
  5099 | D:9      | Found a staircase to the Lair.
  5180 | Lair:1   | Entered Level 1 of the Lair of Beasts
  5354 | Lair:2   | Noticed a five-headed hydra
  5587 | Lair:1   | Noticed a black mamba
  5587 | Lair:1   | Noticed an elephant
  5607 | Lair:1   | Killed an elephant
  5611 | Lair:1   | Killed a black mamba
  5742 | Lair:1   | Reached XP level 11. HP: 30/102 MP: 7/7
  6267 | Lair:3   | Found a staircase to the Shoals.
  6267 | Lair:3   | Noticed a four-headed hydra
  6284 | Lair:3   | HP: 3/103 [12-headed hydra (4)]
  6284 | Lair:3   | Mangled by a merfolk

Illustrated notes

Levels and vault maps discovered:
D:1:      ncdulo_halloftheorcs, layout_basic
D:2:      layout_basic, basic_altar, shapermc_ecumenical_altar_hornbeckon
D:3:      layout_basic, nicolae_tso_besieged_by_evil, serial_forest,
          infiniplex_forest_diagonal, infiniplex_forest_clump_double,
          infiniplex_forest_lined_2, infiniplex_forest_end_double
D:4:      layout_cave_pools, uniq_blork_the_orc
D:5:      layout_loops_ring, gammafunk_temple_overflow_arena,
          kennysheep_little_box, minmay_temple_entry_trees
D:6:      layout_gridville, grunt_decor_fettered, uniq_menkaure
D:7:      layout_cave_pools, uniq_prince_ribbit1
D:8:      layout_basic, riverfiend_overflow_shadow_ancestor,
          chequers_ossuary_entry_cave, serial_shops, kennysheep_mini,
          nicolae_shop_hallway_plus, serial_bayou_pond_e
D:9:      layout_long_grid, mainiacjoe_overflow_catwalk_spiral,
          erik_lair_island, uniq_maurice
Lair:1:   layout_regular_city, minmay_shattered_shrine
Lair:2:   gammafunk_worm_tunnel, layout_gridlike,
          nicolae_spider_entry_non_spiders
Lair:3:   layout_misc_corridors, elwin_shoals_entry_stream

Skill      XL: |  1  2  3  4  5  6  7  8  9 10 |
---------------+-------------------------------+-----
Fighting       | 3 4 5 6 7 |  7.8
Axes           | 3 4 5 6 8 9 |  9.8
Armour         | 4 5 6 7 8 9 |  9.3
Shields        | 4 5 6 7 8 9 |  9.3
Evocations     | 1 4 |  4.3
Stealth        | 4 |  4.2
Spellcasting   | 2 |  2.7

Action                   |  1- 3 |  4- 6 |  7- 9 | 10-12 || total
-------------------------+-------+-------+-------+-------++-------
Melee: War axe           |    71 |       |       |       ||    71
       Hand axe          |    28 |   145 |   368 |   233 ||   774
 Abil: Heal Wounds       |     2 |     4 |    18 |    13 ||    37
Evoke: Wand              |       |       |       |     1 ||     1
  Use: Scroll            |       |       |       |     1 ||     1
       Potion            |       |       |       |     1 ||     1
Armor: Scale mail        |    43 |       |       |       ||    43
       Plate armour      |       |   119 |   258 |   144 ||   521
Dodge: Dodged            |    48 |    45 |   144 |   105 ||   342
Block: Buckler           |    18 |    50 |   146 |    76 ||   290
